 Dungeon Crawl Stone Soup version 0.25.0-33-gff14898491 (webtiles) character file.

Game seed: 18222751432206993703

215 Ethylacetat the Sneak (level 5, -2/37 HPs)
             Began as an Octopode Assassin on July 7, 2020.
             Slain by an orc (3 damage)
             ... on level 4 of the Dungeon.
             The game lasted 00:05:09 (3534 turns).

Ethylacetat the Sneak (Octopode Assassin)           Turns: 3534, Time: 00:05:09

Health: -2/37      AC:  2    Str: 11    XL:     5   Next: 92%
Magic:  5/5        EV: 13    Int: 14    God:
Gold:   169        SH:  0    Dex: 13    Spells: 4/4 levels left

rFire    . . .     SeeInvis .   a - +2 dagger
rCold    . . .     Gourm    .   (no shield)
rNeg     . . .     Faith    .   m - +1 hat
rPois    .         Spirit   .   (no amulet)
rElec    .         Reflect  .   (no ring)
rCorr    .         Harm     .   (no ring)
MR       .....                  (no ring)
Stlth    ++++......             (no ring)
HPRegen  0.12/turn              (no ring)
MPRegen  0.09/turn              (no ring)
                                (no ring)
                                (no ring)

@: no status effects
A: almost no armour, stealthy swim, amphibious, 8 rings, constrict 8, camouflage
1, gelatinous body 1
a: no special abilities


You were on level 4 of the Dungeon.
You were not hungry.

You visited 1 branch of the dungeon, and saw 4 of its levels.

You collected 169 gold pieces.

Inventory:

Hand Weapons
 a - a +2 dagger (weapon)
Missiles
 b - 20 poisoned darts (quivered)
 c - 2 curare-tipped darts
Armour
 m - a +1 hat (worn)
Jewellery
 j - a +6 ring of strength {unknown}
 o - an uncursed ring of protection from magic {unknown}
Wands
 i - a wand of paralysis (8)
 k - a wand of acid (14)
Scrolls
 f - a scroll of fog {unknown}
 h - a scroll of random uselessness {unknown}
 l - a scroll of identify {unknown}
 p - a scroll of fear {unknown}
Potions
 e - a potion of brilliance {unknown}
 g - a potion of mutation {unknown}
 n - a potion of curing {unknown}
 q - a potion of heal wounds {unknown}
Comestibles
 d - 5 rations


   Skills:
 + Level 3.7 Fighting
 * Level 5.0 Short Blades
 - Level 2.0 Throwing
 - Level 1.0 Dodging
 - Level 5.3 Stealth


You had 4 spell levels left.
You didn't know any spells.
Your spell library was empty.

Dungeon Overview and Level Annotations

Branches:
Dungeon (4/15)
 Temple: D:4-7

Altars:
Yredelemnul


Innate Abilities, Weirdness & Mutations

You cannot wear most types of armour.
You are very stealthy in the water. (Stealth+)
You are amphibious.
You can wear up to eight rings at the same time.
You can use your tentacles to constrict eight enemies at once.
Your skin changes colour to match your surroundings (Stealth+).
Your rubbery body absorbs attacks. (AC +1, EV +1)


Message History

You hit the orc but do no damage. You grab the orc. You squeeze the orc!
You kill the orc!
The orc throws a silver boomerang.
The silver boomerang hits you.
The weapon returns to the orc!
You hit the centaur skeleton. You squeeze the centaur skeleton.
The centaur skeleton is almost destroyed.
The centaur skeleton hits you.
* * * LOW HITPOINT WARNING * * *
You hit the centaur skeleton.
The centaur skeleton is almost destroyed.
You hit the centaur skeleton.
You destroy the centaur skeleton!
Your Short Blades skill increases to level 5!
The orc throws a silver boomerang.
The silver boomerang hits you.
* * * LOW HITPOINT WARNING * * *
x2 The weapon returns to the orc!
You hit the orc. You grab the orc.
The orc is heavily wounded.
You constrict the orc. The orc hits you.
You die...

##. # .. .#
##.####.##..
#....?......
#..#........
#..#@#
#.##..#o#######.#
#..o.$.o.<.......
####.......####.#
..?....###.....
......... ......
######### ######


You could see 2 orcs.

Vanquished Creatures
  A centaur skeleton (D:4)
  An orc priest (D:3)
  An orc wizard (D:3)
  4 adders (D:2)
  2 worms (D:2)
  2 dart slugs
  3 leopard geckos
  7 orcs
  4 ball pythons
  7 bats
  5 giant cockroaches
  12 goblins
  5 hobgoblins
  6 kobolds
  A quokka (D:2)
  6 frilled lizards
  5 rats
72 creatures vanquished.

Notes
Turn   | Place    | Note
-------+----------+-------------------------------------------
     0 | D:1      | Ethylacetat the Octopode Assassin began the quest for the
                  | Orb.
     0 | D:1      | Reached XP level 1. HP: 14/14 MP: 1/1
   423 | D:1      | Reached XP level 2. HP: 19/19 MP: 2/2
  1266 | D:2      | Reached XP level 3. HP: 24/25 MP: 3/3
  1675 | D:2      | Reached XP level 4. HP: 30/30 MP: 4/4
  2308 | D:3      | Reached XP level 5. HP: 19/36 MP: 5/5
  2469 | D:3      | Found a basalt altar of Yredelemnul.
  3532 | D:4      | Reached skill level 5 in Short Blades
  3532 | D:4      | HP: 1/37 [orc/silver boomerang (1)]
  3534 | D:4      | Slain by an orc

Illustrated notes

Levels and vault maps discovered:
D:1:      dpeg_arrival_boxes_within_box, layout_loops_corners, nrook_campfire,
          minmay_nonomino_d4
D:2:      layout_basic, first_ration
D:3:      layout_basic, yredelemnul_altar_generic
D:4:      layout_loops_ring, nicolae_gozag_cash_rules_everything_around_me

Skill      XL: |  1  2  3  4  5 |
---------------+----------------+-----
Short Blades   | 3 4 5 |  5.0
Fighting       | 3 |  3.7
Throwing       | |  2.0
Dodging        | |  1.0
Stealth        | |  5.3

Action                   |  1- 3 |  4- 6 || total
-------------------------+-------+-------++-------
Melee: Dagger            |    64 |    94 ||   158
       Constrict         |    14 |    19 ||    33
       Tentacles         |     3 |    16 ||    19
 Stab: Sleeping          |    11 |     7 ||    18
       Distracted        |     1 |       ||     1
  Eat: Chunk             |     2 |     6 ||     8
Armor: Skin              |     3 |     5 ||     8
Dodge: Dodged            |    34 |    40 ||    74
